 Dungeon Crawl Stone Soup version 0.16-a0-3719-g3c2c23d (webtiles) character file.

16098 tizzy the Martial Artist (level 12, -16/108 (110) HPs)
             Began as a Purple Draconian Monk on Jan 20, 2015.
             Was an Elder of Dithmenos.
             Demolished by an ice devil (27 damage)
             ... in an ice cave.
             The game lasted 00:57:40 (20248 turns).

tizzy the Martial Artist (Purple Draconian Monk)   Turns: 20248, Time: 00:57:40

HP:   -16/108 (110) AC: 11    Str: 14    XL:     12   Next: 7%
MP:   21/21         EV: 17    Int: 10    God:    Dithmenos [****..]
Gold: 858           SH:  0    Dex: 24    Spells: 0 memorised, 18 levels left

rFire  . . .     SeeInvis +       - Unarmed
rCold  . . .     Clarity  .     (armour unavailable)
rNeg   . . .     SustAb   .     (no shield)
rPois  .         Gourm    .     (helmet restricted)
rElec  .         Spirit   .     O - +0 cloak (curse)
rCorr  .         Warding  .     t - +0 pair of gloves
rMut   +         Stasis   .     l - +0 pair of boots (curse)
MR     +....                    m - amulet of resist mutation
Stlth  +++++.....               k - ring of see invisible
                                F - +5 ring of dexterity

@: wreathed by umbra, somewhat resistant to hostile enchantments, quite stealthy
A: breathe power, unfitting armour, fangs 1, cold-blooded, AC +8
a: Breathe Dispelling Energy, Shadow Step, Renounce Religion


You were in an ice cave.
You worshipped Dithmenos.
Dithmenos was greatly pleased with you.
You were near starving.

You visited 3 branches of the dungeon, and saw 15 of its levels.
You also visited: Labyrinth and Ice Cave.

You collected 858 gold pieces.

Inventory:

Hand weapons
 I - a -3 blowgun
Missiles
 r - 11 poisoned needles
 B - 3 throwing nets (quivered)
 J - 4 curare-tipped needles
Armour
 l - a cursed +0 pair of boots (worn)
 t - a +0 pair of gloves (worn)
 H - a +0 shield
 O - a cursed +0 cloak (worn)
Magical staves
 P - an uncursed staff of poison
Jewellery
 e - an uncursed ring of teleportation
 j - an uncursed amulet of stasis
 k - a ring of see invisible (right hand)
 m - an amulet of resist mutation (around neck)
 s - an uncursed amulet of faith
 y - the ring of Xom's Favour {Fire Str+2 Int-2 Dex+3}
   (You found it on level 5 of the Dungeon)

   [ring of fire]

   It enhances your fire magic, and weakens your ice magic.
   It affects your strength (+2).
   It affects your intelligence (-2).
   It affects your dexterity (+3).
   It protects you from fire.
   It makes you vulnerable to cold.
 F - a +5 ring of dexterity (left hand)
Magical devices
 h - a wand of disintegration (14)
 z - a wand of teleportation (5)
 C - a wand of slowing (17)
 L - a wand of enslavement (18)
Scrolls
 d - 7 scrolls of identify
 p - 3 scrolls of remove curse
 q - a scroll of teleportation
 u - a scroll of recharging
Potions
 c - 6 potions of invisibility
 n - 3 potions of curing
 o - a potion of haste
 v - a potion of flight
 w - a potion of might
 x - a potion of ambrosia
 D - 2 potions of brilliance
 G - 2 potions of restore abilities
Books
 g - a book of Conjurations

   Spells                             Type                      Level
   a - Magic Dart                     Conjuration                  1
   b - Searing Ray                    Conjuration                  2
   c - Dazzling Spray                 Conjuration/Hexes            3
   d - Fulminant Prism                Conjuration/Hexes            4
   e - Iskenderun's Mystic Blast      Conjuration                  4
   f - Iskenderun's Battlesphere      Conjuration/Charms           5
 i - a book of Summonings

   Spells                             Type                      Level
   a - Abjuration                     Summoning                    3
   b - Recall                         Summoning/Translocation      3
   c - Shadow Creatures               Summoning                    5
   d - Summon Demon                   Summoning                    5
   e - Summon Forest                  Summoning/Translocation      5
   f - Monstrous Menagerie            Summoning                    6
 E - a Grand Grimoire {highlevel, unknown}

   This book is beyond your current level of understanding.

   Spells                             Type                      Level
   a - Aura of Abjuration             Summoning                    6
   b - Forceful Dismissal             Summoning                    6
   c - Summon Greater Demon           Summoning                    7
   d - Malign Gateway                 Summoning/Translocation      7
   e - Summon Horrible Things         Summoning                    8
 K - a book of Enchantments

   Spells                             Type                      Level
   a - Tukima's Dance                 Hexes                        3
   b - Cause Fear                     Hexes                        4
   c - Silence                        Hexes/Air                    5
   d - Deflect Missiles               Charms/Air                   6
   e - Haste                          Charms                       6
   f - Discord                        Hexes                        8
 M - the Catalogue of Glamour
   (You found it in a labyrinth)

   Spells                             Type                      Level
   a - Corona                         Hexes                        1
   b - Slow                           Hexes                        2
   c - Sure Blade                     Hexes/Charms                 2
   d - Ensorcelled Hibernation        Hexes/Ice                    2
   e - Dazzling Spray                 Conjuration/Hexes            3
   f - Tukima's Dance                 Hexes                        3
   g - Cause Fear                     Hexes                        4
   h - Summon Mana Viper              Hexes/Summoning              5
 N - Dispater's Volume of Earth
   (You found it in a labyrinth)

   Spells                             Type                      Level
   a - Sandblast                      Earth                        1
   b - Passwall                       Transmutation/Earth          3
   c - Leda's Liquefaction            Hexes/Earth                  4
   d - Petrify                        Transmutation/Earth          4
   e - Bolt of Magma                  Conjuration/Fire/Earth       5
   f - Lee's Rapid Deconstruction     Earth                        5
   g - Iron Shot                      Conjuration/Earth            6
   h - Shatter                        Earth                        9
Miscellaneous
 Q - a plain deck of summoning {drawn: 3}
Comestibles
 a - 12 fruits
 b - 9 bread rations
 f - 8 beef jerkies


   Skills:
 + Level 11.2 Fighting
 + Level 5.1 Dodging
 + Level 7.0 Stealth
 * Level 14.0 Unarmed Combat
 - Level 3.8 Spellcasting
 - Level 5.0 Evocations


You had 18 spell levels left.
You didn't know any spells.

Dungeon Overview and Level Annotations

Branches:
Dungeon (12/15)            Temple (1/1) D:6            Lair (0/8) D:11
    Orc (2/4) D:10

Altars:
Ashenzari
Cheibriados
Dithmenos
Elyvilon
Fedhas
Gozag
Kikubaaqudgha
Makhleb
Nemelex Xobeh
Okawaru
Qazlal
Ru
Sif Muna
Trog
Vehumet
Xom
Yredelemnul
Zin
The Shining One

Shops:
D:4 :   D:8 :

Annotations:
D:3 MorganLeah's ghost, average SpTm
D:6 exclusion: oklob plant
D:7 Blork the orc


Innate Abilities, Weirdness & Mutations

You can breathe bolts of energy.
You can dispel enchantments when you breathe energy.
Your rich purple scales are hard (AC +8).
Your body does not fit into most forms of armour.
Your cold-blooded metabolism reacts poorly to cold.
You have very sharp teeth.


Message History

The ice devil is heavily wounded.
The ice devil hits you! The ice devil freezes you!!
You feel yourself slow down.
You barely miss the ice devil.
The ice devil is heavily wounded.
The ice devil hits you. The ice devil freezes you!!
You punch the ice devil!
You bite the ice devil, but do no damage.
The ice devil is severely wounded.
Your shadow barely misses the ice devil.
You feel yourself speed up. The ice devil hits you!
* * * LOW HITPOINT WARNING * * *
The ice devil freezes you!!
* * * LOW HITPOINT WARNING * * *
Drink which item? (? for menu, Esc to quit)
You feel better. The ice devil hits you.
* * * LOW HITPOINT WARNING * * *
The ice devil freezes you!!
You die...

##..####.§§.##...# ####
#...##..§§§##§.###### ##...
#..###)§§§§§§§....#.###....
##...##§§§##§........#.....
##...###########..........
##...### ####.......
###...###### ###.....
##.......#### ###.#.
###....@3.....# ####
###.........##....# #
##......####..##.....# #
##.......#§.......#...§
##.......##§§..§§### .§. #
#.......##§§§§.§## . ##
##.......§§§§#.§§ #.
##.....###§§#§.## #.
###..#..§§.#... ##


You could see an ice devil.

Vanquished Creatures
  A minotaur (Lab)
  2 ice statues (IceCv)
  Erolcha (D:10)
  A hill giant (D:11)
  A cyclops (D:12)
  An orc sorcerer (Orc:1)
  A centaur zombie (D:11)
  A komodo dragon (D:9)
  6 blue devils (IceCv)
  A troll (D:11)
  21 yaks
  A hungry ghost (D:8)
  Eustachio (D:5)
  A hippogriff (D:7)
  2 deep elf magi (D:11)
  An insubstantial wisp (Orc:1)
  3 sky beasts
  A water moccasin (D:10)
  2 necrophages
  8 orc warriors
  2 black bears
  12 ice beasts
  A wasp (D:10)
  2 centaurs
  3 phantoms
  5 ogres
  A boring beetle (D:11)
  Sigmund (D:5)
  A big kobold (D:10)
  A crocodile (D:8)
  4 giant frogs
  A wyvern zombie (D:10)
  17 killer bees
  4 scorpions
  A goliath beetle (D:6)
  5 wights
  5 crimson imps
  2 giant frog zombies
  A quasit (D:8)
  A centaur skeleton (D:6)
  7 hounds
  2 giant frog skeletons
  2 jellies
  9 orc priests
  A gnoll shaman (D:8)
  9 orc wizards
  2 iguanas
  9 worker ants
  A mummy (D:11)
  A worker ant zombie (D:8)
  8 gnolls
  12 adders
  A shadow imp (D:5)
  11 white imps (IceCv)
  A giant mite (D:6)
  2 worms
  An ufetubus (IceCv)
  An adder skeleton (D:5)
  2 adder zombies (D:5)
  3 giant geckos
  An ooze (D:3)
  66 orcs
  A bat zombie (D:5)
  6 giant cockroaches
  20 goblins
  20 hobgoblins
  3 jackals (D:1)
  28 kobolds
  5 quokkas
  22 bats
  4 giant newts
  A giant spore (D:7)
  2 orc zombies (Orc:1)
  A quokka zombie (D:9)
  18 rats
  A ballistomycete (D:7)
411 creatures vanquished.

Vanquished Creatures (collateral kills)
  3 ice beasts (Orc:1)
3 creatures vanquished.

Vanquished Creatures (others)
  A white imp (IceCv)
  4 ufetubi (IceCv)
5 creatures vanquished.

Grand Total: 419 creatures vanquished

Notes
Turn   | Place    | Note
--------------------------------------------------------------
     0 | D:1      | tizzy, the Draconian Monk, began the quest for the Orb.
     0 | D:1      | Reached XP level 1. HP: 19/19 MP: 1/1
   278 | D:1      | Reached XP level 2. HP: 23/26 MP: 2/2
  1110 | D:1      | Reached XP level 3. HP: 33/33 MP: 3/3
  1396 | D:2      | Reached skill level 5 in Unarmed Combat
  1965 | D:1      | Reached XP level 4. HP: 40/40 MP: 4/4
  2058 | D:2      | Found a snail-covered altar of Cheibriados.
  2511 | D:3      | Noticed a phantom
  2830 | D:3      | Gained mutation: You have very sharp teeth. [potion of beneficial mutation]
  2847 | D:3      | Killed a phantom
  2847 | D:3      | Reached skill level 6 in Unarmed Combat
  2847 | D:3      | Reached XP level 5. HP: 16/47 MP: 5/5
  3377 | D:3      | Noticed MorganLeah's ghost (average SpTm)
  4402 | D:3      | Reached skill level 5 in Fighting
  4402 | D:3      | Reached XP level 6. HP: 30/56 MP: 6/6
  4619 | D:4      | Found an iron altar of Okawaru.
  4935 | D:4      | Found Pleuff's Book Boutique.
  4993 | D:4      | Reached skill level 7 in Unarmed Combat
  5344 | D:5      | Entered Level 5 of the Dungeon
  5388 | D:5      | Found a burning altar of Makhleb.
  5592 | D:5      | Your scales start taking on a rich purple colour.
  5592 | D:5      | Reached XP level 7. HP: 60/62 MP: 7/7
  5775 | D:5      | Reached skill level 1 in Spellcasting
  5788 | D:5      | Reached skill level 8 in Unarmed Combat
  5916 | D:5      | Got a slimy bone ring
  5938 | D:5      | Identified the ring of Xom's Favour {Fire Str+2 Int-2 Dex+3} (You found it on level 5 of the Dungeon)
  6049 | D:5      | Noticed Eustachio
  6079 | D:5      | Killed Eustachio
  6079 | D:5      | Reached XP level 8. HP: 64/71 MP: 14/14
  6118 | D:5      | Noticed Sigmund
  6129 | D:5      | Killed Sigmund
  6659 | D:6      | Reached skill level 9 in Unarmed Combat
  7060 | D:6      | Found a glowing golden altar of the Shining One.
  7060 | D:6      | Noticed an oklob plant
  7113 | D:6      | Found a staircase to the Ecumenical Temple.
  8043 | Temple   | Entered the Ecumenical Temple
  8253 | D:7      | Found a sparkling altar of Nemelex Xobeh.
  8374 | D:7      | Reached skill level 10 in Unarmed Combat
  8374 | D:7      | Reached XP level 9. HP: 61/80 MP: 18/18
  8869 | D:7      | Found an ancient bone altar of Kikubaaqudgha.
  8869 | D:7      | Found a shadowy altar of Dithmenos.
  9046 | D:7      | Noticed Blork the orc
  9648 | D:7      | Found a deep blue altar of Sif Muna.
 10537 | D:8      | Reached skill level 11 in Unarmed Combat
 10552 | D:8      | Found Skuhaffa's Book Emporium.
 10669 | D:7      | Became a worshipper of Dithmenos the Shadowed
 10669 | D:7      | Acquired Dithmenos' first power
 10878 | D:8      | Upgraded the game from 0.16-a0-3710-g67818e0 to 0.16-a0-3719-g3c2c23d
 10896 | D:7      | Reached skill level 1 in Evocations
 11651 | D:8      | Reached XP level 10. HP: 75/91 MP: 20/20
 12627 | D:10     | Entered Level 10 of the Dungeon
 12981 | D:9      | Reached skill level 12 in Unarmed Combat
 13171 | D:10     | Noticed a five-headed hydra
 13270 | D:10     | Noticed Erolcha
 13280 | D:10     | Killed Erolcha
 13359 | D:10     | Acquired Dithmenos' second power
 13366 | D:10     | Reached skill level 5 in Evocations
 14397 | D:10     | Reached skill level 5 in Stealth
 14402 | D:10     | Reached skill level 10 in Fighting
 14495 | D:10     | Found a staircase to the Orcish Mines.
 14530 | D:10     | Reached XP level 11. HP: 97/97 MP: 21/21
 14918 | D:11     | Noticed a hill giant
 15247 | D:11     | Reached skill level 13 in Unarmed Combat
 15302 | D:11     | Acquired Dithmenos' third power
 15484 | D:11     | Found a staircase to the Lair.
 15632 | D:12     | Found a labyrinth entrance.
 15642 | Lab      | Entered a labyrinth
 16021 | Lab      | Noticed a minotaur
 16036 | Lab      | Killed a minotaur
 16057 | Lab      | Identified the Catalogue of Glamour
 16060 | Lab      | Identified Dispater's Volume of Earth
 16124 | D:11     | Killed a hill giant
 17142 | Orc:1    | Entered Level 1 of the Orcish Mines
 17694 | Orc:2    | Found a frozen archway.
 18067 | IceCv    | Entered an ice cave
 18286 | IceCv    | Noticed an ice statue
 18286 | IceCv    | Noticed an ice statue
 18761 | IceCv    | Killed an ice statue
 19316 | IceCv    | Killed an ice statue
 19316 | IceCv    | Reached skill level 5 in Dodging
 19382 | IceCv    | Reached XP level 12. HP: 64/108 MP: 21/21
 19867 | IceCv    | Noticed an ice devil
 19881 | IceCv    | Reached skill level 14 in Unarmed Combat
 20207 | IceCv    | Noticed an ice devil
 20247 | IceCv    | HP: 3/108 [ice devil (24)]
 20248 | IceCv    | Demolished by an ice devil

Action                   |  1- 3 |  4- 6 |  7- 9 | 10-12 || total
-------------------------+-------+-------+-------+-------++-------
Melee: Unarmed           |   161 |   268 |   467 |   684 ||  1580
 Fire: Blowgun           |       |       |       |    15 ||    15
Throw: Throwing net      |       |       |       |     3 ||     3
Invok: Shadow Step       |       |       |       |     1 ||     1
 Abil: Breathe Dispellin |       |       |     3 |     2 ||     5
Evoke: Wand              |       |     2 |    17 |     7 ||    26
       Deck              |       |       |       |     3 ||     3
  Use: Potion            |       |     3 |       |     2 ||     5
       Scroll            |       |     5 |    13 |     8 ||    26
 Stab: Sleeping          |     3 |     2 |    11 |    11 ||    27
       Distracted        |       |       |     2 |     4 ||     6
       Held in net/web   |       |       |       |     1 ||     1
  Eat: Chunk             |     3 |    11 |    16 |    19 ||    49
       Beef jerky        |       |     1 |       |     1 ||     2
       Meat ration       |       |       |     1 |     1 ||     2
